 Dungeon Crawl Stone Soup version 0.24-a0-317-g5cb8de4 (webtiles) character file.

Game seed: 10211726300461997962

109 MisterFreud the Changer (level 4, 0/28 HPs)
             Began as an Octopode Transmuter on May 16, 2019.
             Slain by an orc (4 damage)
             ... on level 3 of the Dungeon.
             The game lasted 00:03:16 (1817 turns).

MisterFreud the Changer (Octopode Transmuter)       Turns: 1817, Time: 00:03:17

Health: 0/28       AC:  1    Str:  9    XL:     4   Next: 90%
Magic:  3/8        EV: 13    Int: 16    God:
Gold:   109        SH:  0    Dex: 12    Spells: 3/9 levels left

rFire    . . .     SeeInvis .     - Unarmed
rCold    . . .     Gourm    .   (no shield)
rNeg     . . .     Faith    .   (helmet restricted)
rPois    .         Spirit   .   (no amulet)
rElec    .         Reflect  .   i - +4 ring of slaying
rCorr    .         Harm     .   (no ring)
MR       .....                  (no ring)
Stlth    ++........             (no ring)
HPRegen  0.09/turn              (no ring)
MPRegen  0.11/turn              (no ring)
                                (no ring)
                                (no ring)

@: very slightly contaminated
A: almost no armour, stealthy swim, amphibious, 8 rings, constrict 8, camouflage
1, gelatinous body 1
a: no special abilities


You were on level 3 of the Dungeon.
You were not hungry.

You visited 1 branch of the dungeon, and saw 3 of its levels.

You collected 109 gold pieces.

Inventory:

Missiles
 a - 32 arrows
 b - 87 stones (quivered)
 h - 4 silver boomerangs
 m - 19 sling bullets
 p - 12 bolts
Armour
 l - a +0 buckler
Jewellery
 i - a +4 ring of slaying (left tentacle)
Scrolls
 d - a scroll of teleportation
 j - a scroll of remove curse
Potions
 e - a potion of brilliance {unknown}
 f - a potion of haste {unknown}
 g - a potion of degeneration {unknown}
 n - a potion of invisibility {unknown}
 o - 2 potions of curing
Comestibles
 c - 3 rations
 k - 12 chunks of flesh


   Skills:
 - Level 1.0 Fighting
 - Level 2.0 Dodging
 - Level 3.0 Unarmed Combat
 + Level 3.0 Spellcasting
 * Level 4.1 Transmutations


You had 3 spell levels left.
You knew the following spells:

 Your Spells              Type           Power        Failure   Level  Hunger
a - Beastly Appendage     Tmut           ###...       3%          1    #......
b - Sticks to Snakes      Tmut           ###.....     4%          2    ##.....
c - Spider Form           Tmut/Pois      #.........   24%         3    ###....

Your spell library contained the following spells:

 Spells                   Type           Power        Failure   Level  Hunger
 Ice Form                 Ice/Tmut       #.......     61%         4    #####..
 Blade Hands              Tmut           ###.......   67%         5    ######.


Dungeon Overview and Level Annotations

Branches:
Dungeon (3/15)

Altars:
Kikubaaqudgha
Nemelex Xobeh
Trog
Vehumet


Innate Abilities, Weirdness & Mutations

You cannot wear most types of armour.
You are very stealthy in the water. (Stealth+)
You are amphibious.
You can wear up to eight rings at the same time.
You can use your tentacles to constrict eight enemies at once.
Your skin changes colour to match your surroundings (Stealth+).
Your rubbery body absorbs attacks. (AC +1, EV +1)


Message History

You kill the orc wizard!
Your Spellcasting skill increases to level 3!
Your Transmutations skill increases to level 4!
You closely miss the orc. Your grab misses the orc.
An adder comes into view.
The orc hits you with a +0 flail.
* * * LOW HITPOINT WARNING * * *
The adder moves out of view.
You tentacle-slap the orc but do no damage.
Your grab misses the orc. You squeeze the orc!
You kill the orc!
You bludgeon the dart slug! You grab the dart slug. You squeeze the dart slug.
You kill the dart slug!
The orc misses you.
An adder comes into view.
The orc hits you.
* * * LOW HITPOINT WARNING * * *
There is a stone staircase leading up here.
The orc hits you.
You die...

.... ######. ..... #......
...... #.....# ##.
......#####.?...#.... #. .
...?.....#.....#... #> .
#............!... #. #.
#.............##### #.
#.##......@..........#####.
#.........o......#....##...
#.....s..>.....#.........
#...#..#.......###<......
######..)...#.##..#..###......
........##.##....###...##.....
........)..####..# ##.....#..
....?..##### #..# #......#.
....... #..# #........


You could see an orc and a giant cockroach.

Vanquished Creatures
  An orc wizard (D:3)
  3 adders (D:2)
  An ooze (D:2)
  2 worms
  4 dart slugs
  An orc (D:3)
  2 bats (D:2)
  4 hobgoblins
  8 kobolds
  A quokka (D:2)
  5 frilled lizards
  6 goblins
  6 rats
44 creatures vanquished.

Notes
Turn   | Place    | Note
-------+----------+-------------------------------------------
     0 | D:1      | MisterFreud the Octopode Transmuter began the quest for the
                  | Orb.
     0 | D:1      | Reached XP level 1. HP: 13/13 MP: 3/3
   241 | D:1      | Reached XP level 2. HP: 17/18 MP: 5/5
   740 | D:2      | Reached skill level 3 in Transmutations
   740 | D:2      | Reached XP level 3. HP: 17/23 MP: 4/6
   956 | D:2      | Found a sparkling altar of Nemelex Xobeh.
   959 | D:2      | Found an ancient bone altar of Kikubaaqudgha.
   960 | D:2      | Found a bloodstained altar of Trog.
   996 | D:2      | Found a radiant altar of Vehumet.
  1247 | D:2      | Learned a level 2 spell: Sticks to Snakes
  1251 | D:2      | Learned a level 3 spell: Spider Form
  1473 | D:2      | Reached XP level 4. HP: 28/28 MP: 4/8
  1807 | D:3      | Reached skill level 4 in Transmutations
  1817 | D:3      | Slain by an orc

Levels and vault maps discovered:
D:1:      dpeg_arrival_tiny_b, layout_basic
D:2:      layout_basic, vehumet_crystals, grunt_temple_overflow_open
D:3:      layout_rooms, lemuel_coloured_pillars_altar

Skill      XL: |  1  2  3  4 |
---------------+-------------+-----
Transmutations | 3 4 |  4.1
Spellcasting   | 3 |  3.0
Fighting       | |  1.0
Dodging        | |  2.0
Unarmed Combat | |  3.0

Action                   |  1- 3 |  4- 6 || total
-------------------------+-------+-------++-------
Melee: Unarmed           |    62 |    25 ||    87
       Constrict         |    16 |     8 ||    24
       Kick              |     3 |       ||     3
       Tentacles         |     8 |     9 ||    17
       Punch             |     1 |       ||     1
 Cast: Beastly Appendage |     5 |       ||     5
       Spider Form       |     2 |     1 ||     3
  Use: Scroll            |       |     5 ||     5
 Stab: Sleeping          |     7 |     2 ||     9
  Eat: Chunk             |     1 |     2 ||     3
Armor: Skin              |     2 |     2 ||     4
Dodge: Dodged            |    39 |    10 ||    49

Table legend:
 A = Non-vault XP
 B = Vault XP
 C = Vault XP percentage of total XP
 D = Non-vault monster count
 E = Vault monster count
 F = Vault count percentage of total count
                 A         B        C        D         E       F
            +---------+---------+-------+---------+---------+-------
      Total |     157 |       0 |   0.0 |      44 |       0 |   0.0
            +---------+---------+-------+---------+---------+-------
        D:1 |      22 |       0 |   0.0 |      15 |       0 |   0.0
        D:2 |      72 |       0 |   0.0 |      16 |       0 |   0.0
        D:3 |      63 |       0 |   0.0 |      13 |       0 |   0.0
            +---------+---------+-------+---------+---------+-------
